 Seeded DCSS version 0.30-a0-949-g53dc5368d7 (webtiles) character file.

Game seed: 3425090202442293766 (custom seed)

3 valliere the Conjurer (level 1, -1/16 HPs)
             Began as a Demonspawn Reaver on Mar 28, 2023.
             Frozen to death by an endoplasm (3 damage)
             ... on level 1 of the Dungeon.
             The game lasted 00:00:39 (61 turns).

valliere the Conjurer (Demonspawn Reaver)             Turns: 61, Time: 00:00:40

Health: -1/16      AC:  3    Str: 12    XL:     1   Next: 41%
Magic:  3/3        EV: 11    Int: 14    God:
Gold:   0          SH:  0    Dex: 11    Spells: 3/4 levels left

rFire   . . .      SeeInvis +    a - +0 falchion
rCold   . . .      Faith    .    (no shield)
rNeg    . . .      Spirit   .    b - +0 leather armour
rPois   .          Reflect  .    (no helmet)
rElec   .          Rampage  .    (no cloak)
rCorr   .                        (no gloves)
Will    .....                    (no boots)
Stlth   +                        (no amulet)
HPRegen 0.22/turn                d - ring of see invisible
MPRegen 0.08/turn                (no ring)

@: no status effects
A: no striking features
a: no special abilities


You were on level 1 of the Dungeon.
You visited 1 branch of the dungeon, and saw 1 of its levels.

Inventory:

Hand Weapons
 a - a +0 falchion (weapon)
Armour
 b - a +0 leather armour (worn)
Jewellery
 d - a ring of see invisible (left hand)
Scrolls
 c - a scroll of acquirement {unknown}


   Skills:
 + Level 2.0 Fighting
 + Level 2.7 Long Blades
 + Level 1.8 Dodging
 + Level 2.0 Spellcasting
 + Level 3.0 Conjurations


You had 3 spell levels left.
You knew the following spells:

 Your Spells              Type           Power      Damage    Failure   Level
a - Kiss of Death         Conj/Necr      20%        2d7       16%         1

Your spell library contained the following spells:

 Spells                   Type           Power      Damage    Failure   Level
 Momentum Strike          Conj/Tloc      10%        3d8       24%         2
 Hailstorm                Conj/Ice       5%         3d4       43%         3


Dungeon Overview and Level Annotations

Branches:
Dungeon (1/15)

Altars:


Message History

A rat comes into view.
You closely miss the kobold.
The kobold hits you with a +0 short sword.
You completely miss the kobold.
The kobold hits you with a +0 short sword.
The kobold hits you but does no damage.
You barely miss the kobold. The kobold barely misses you.
You hit the kobold but do no damage.
The kobold hits you with a +0 short sword.
You closely miss the kobold.
The kobold hits you with a +0 short sword.
You closely miss the kobold. The kobold barely misses you.
You hit the kobold but do no damage.
The kobold hits you with a +0 short sword.
You hit the kobold.
You kill the kobold!
The ball python barely misses you. The ball python grabs you.
The ball python constricts you.
You hit the ball python.
You kill the ball python!
You hit the rat.
You kill the rat!
You hit the endoplasm but do no damage. The endoplasm freezes you.
You are frozen.
* * * LOW HITPOINT WARNING * * *
You hit the endoplasm.
The endoplasm is heavily wounded.
The endoplasm freezes you.
You are frozen.
* * * LOW HITPOINT WARNING * * *
You hit the endoplasm.
The endoplasm is almost dead.
The endoplasm barely misses you. The endoplasm hits you.
* * * LOW HITPOINT WARNING * * *
You hit the endoplasm but do no damage.
The endoplasm is almost dead.
The endoplasm freezes you.
You are frozen.
You die...

#.###. ###....# #.#..
##.......
#.?.#####....##.. #
###......#......... .
#.#.......##.........
#.##.#.......##....####.
#............##..### ##
##?....[....##.#
....#.@.........### ##
.># #J#######.....####.
... ##......... .....
#......... .......
##....##.. .......
##....... ......#
###....# ...... ######


You could see an endoplasm.

Vanquished Creatures
  A ball python (D:1)
  A kobold (D:1)
  A rat (D:1)
3 creatures vanquished.

Notes
Turn   | Place    | Note
-------+----------+-------------------------------------------
     0 | D:1      | valliere the Demonspawn Reaver began the quest for the Orb.
     0 | D:1      | Reached XP level 1. HP: 16/16 MP: 3/3
    61 | D:1      | Frozen to death by an endoplasm

Illustrated notes

Levels and vault maps discovered:
D:1:      minmay_arrival_loop, layout_basic, ebering_ecumenical_altar_webs,
          moated_statue, minmay_tetromino_s2

Action                     || total
---------------------------++-------
  Melee: Falchion          ||    15
 Armour: Leather armour    ||     1
  Dodge: Dodged            ||     5

Table legend: (Time is in decaauts)
 A = Elapsed time spent in this place.
 B = Non-inter-level travel time spent in this place.
 C = Inter-level travel time spent in this place.
 D = Time resting spent in this place.
 E = Time spent auto-exploring this place.
 F = Levels seen in this place.
 G = Mean time per level.
                   A        B        C        D        E       F      G
               +--------+--------+--------+--------+--------+-----+--------+
         Total |     63 |     63 |      0 |      0 |     39 |   1 |   63.0 |
       Dungeon |     63 |     63 |      0 |      0 |     39 |   1 |   63.0 |
               +--------+--------+--------+--------+--------+-----+--------+

Top non-repeatable levels by time:
     D:1: 63 daAuts
